 Dungeon Crawl Stone Soup version 0.30-a0-600-gb7c8574cbb (webtiles) character file.

Game seed: 9768701346388790644

661 M4edhros the Charlatan (level 7, 0/46 HPs)
             Began as an Octopode Artificer on Jan 7, 2023.
             Slain by a river rat (10 damage)
             ... on level 5 of the Dungeon.
             The game lasted 00:04:22 (1523 turns).

M4edhros the Charlatan (Octopode Artificer)         Turns: 1523, Time: 00:04:23

Health: 0/46       AC:  1    Str: 11    XL:     7   Next: 56%
Magic:  16/16      EV: 14    Int: 14    God:
Gold:   108        SH:  5    Dex: 14    Spells: 6/6 levels left

rFire   . . .      SeeInvis .      - Unarmed
rCold   + . .      Faith    .    (no shield)
rNeg    . . .      Spirit   .    (helmet restricted)
rPois   .          Reflect  +    o - amulet of reflection
rElec   .          Harm     .    g - ring of magical power
rCorr   .          Rampage  .    s - ring of protection from cold
Will    .....                    (no ring)
Stlth   ++++                     (no ring)
HPRegen 0.27/turn                (no ring)
MPRegen 0.15/turn                (no ring)
                                 (no ring)
                                 (no ring)

@: lethally poisoned (0 -> -8)
A: almost no armour, amphibious, 8 rings, camouflage 1, gelatinous body 1,
(nimble swimmer 1), tentacles
a: no special abilities


You were on level 5 of the Dungeon.
You visited 1 branch of the dungeon, and saw 5 of its levels.

You collected 108 gold pieces.

Inventory:

Missiles
 a - 9 poisoned darts
Jewellery
 g - a ring of magical power (left tentacle)
 o - an amulet of reflection (around mantle)
 r - a +6 ring of intelligence
 s - a ring of protection from cold (right tentacle)
Wands
 b - a wand of flame (8) (quivered)
 c - a wand of charming (8)
 d - a wand of iceblast (3)
 l - a wand of polymorph (11)
Scrolls
 e - a scroll of identify {unknown}
 f - a scroll of fog {unknown}
 j - a scroll of fear {unknown}
 m - 2 scrolls of torment {unknown}
 n - a scroll of blinking {unknown}
 p - a scroll of amnesia {unknown}
 q - a scroll of enchant armour {unknown}
Potions
 h - 2 potions of flight {unknown}
 i - a potion of haste {unknown}
 k - a potion of ambrosia {unknown}


   Skills:
 + Level 3.1 Fighting
 + Level 4.0 Dodging
 + Level 4.7 Stealth
 * Level 4.5 Unarmed Combat
 + Level 4.7 Evocations


You had 6 spell levels left.
You didn't know any spells.
Your spell library contained the following spells:

 Spells                   Type           Power      Damage    Failure   Level
 Blink                    Tloc           0%         N/A       41%         2
 Manifold Assault         Tloc           0%         N/A       96%         4
 Storm Form               Tmut/Air       0%         N/A       100%        7


Dungeon Overview and Level Annotations

Branches:
Dungeon (5/15)
 Temple: D:4-7

Altars:
Elyvilon
Xom

Shops:
D:1 =   D:2 (

Annotations:
D:2 Terence
D:5 1 runed translucent door, Crazy Yiuf


Innate Abilities, Weirdness & Mutations

You cannot wear most types of armour.
You are amphibious.
You can wear up to eight rings at the same time.
Your skin changes colour to match your surroundings (Stealth+).
Your rubbery body absorbs attacks. (AC +1, EV +1)
((You are camouflaged when in or above water. (Stealth+)))
You have tentacles for arms and can constrict up to eight enemies at once.


Message History

You hear the brisk rusting of a drain nearby.
A scorpion comes into view.
The scorpion moves out of view.
A river rat, a giant cockroach and a ball python come into view.
A river rat and a rat come into view.
The scorpion stings you.
You are poisoned.
The scorpion poisons you!
You tentacle-slap the scorpion but do no damage.
You grab the scorpion.
You squeeze the scorpion, but do no damage.
You constrict the scorpion.
You feel sick. The scorpion stings you. The scorpion barely misses you.
You tentacle-slap the scorpion.
The scorpion is lightly wounded.
You constrict the scorpion.
You feel sick. The scorpion closely misses you.
You tentacle-slap the scorpion.
The scorpion is heavily wounded.
You constrict the scorpion.
You feel sick. The scorpion stings you.
You tentacle-slap the scorpion.
The scorpion is severely wounded.
You constrict the scorpion.
You feel sick. The scorpion closely misses you.
You tentacle-slap the river rat but do no damage.
Your grab misses the river rat. You constrict the scorpion.
You feel sick. The scorpion barely misses you. The river rat bites you.
You tentacle-slap the river rat. You grab the river rat.
The river rat is moderately wounded.
You constrict the river rat. You constrict the scorpion.
You feel sick. The scorpion stings you.
You are more poisoned.
The scorpion poisons you! The river rat bites you!
* * * LOW HITPOINT WARNING * * *
You tentacle-slap the river rat but do no damage.
You squeeze the river rat.
The river rat is almost dead.
You constrict the river rat, but do no damage.
You constrict the scorpion.
You kill the scorpion!
You feel sick. The river rat bites you!
You die...

... #...# #)..#
##### # ##
########### ###.
#.........# ###...
##.#######.###.....
#r@# #........#
#.†## #......###
..... ##...###
r~..... #####
~~~.... ~~~B~..
##+~S.. #r...


You could see 2 river rats, a giant cockroach, a ball python (asleep) and a rat
(asleep).

Vanquished Creatures
  Sigmund (D:5)
  An ice beast (D:5)
  2 ogres (D:5)
  A scorpion (D:5)
  A howler monkey (D:3)
  2 hounds
  3 iguanas
  3 adders
  A worm (D:3)
  An endoplasm (D:1)
  A giant cockroach (D:1)
  A hobgoblin (D:1)
  3 jackals (D:2)
  4 quokkas
  3 ball pythons
  A bat (D:1)
  A frilled lizard (D:3)
  A goblin (D:3)
  A kobold (D:2)
  5 rats
37 creatures vanquished.

Vanquished Creatures (collateral kills)
  An orc (D:5)
  A kobold (D:4)
2 creatures vanquished.

Vanquished Creatures (others)
  An adder (D:5)
1 creature vanquished.

Grand Total: 40 creatures vanquished

Notes
Turn   | Place    | Note
-------+----------+-------------------------------------------
     0 | D:1      | M4edhros the Octopode Artificer began the quest for the
                  | Orb.
     0 | D:1      | Reached XP level 1. HP: 13/13 MP: 1/1
   183 | D:1      | Reached XP level 2. HP: 5/18 MP: 2/2
   250 | D:1      | Found Jyim's Jewellery Shoppe.
   314 | D:2      | Found Bodoorae's Antique Weapon Emporium.
   404 | D:2      | Reached skill level 1 in Unarmed Combat
   493 | D:2      | Noticed Terence
   520 | D:2      | Reached XP level 3. HP: 22/23 MP: 3/3
   806 | D:3      | Reached XP level 4. HP: 20/28 MP: 4/4
   812 | D:3      | Found a white marble altar of Elyvilon.
  1018 | D:4      | Reached XP level 5. HP: 31/34 MP: 5/5
  1078 | D:4      | Noticed an ogre
  1097 | D:5      | Entered Level 5 of the Dungeon
  1144 | D:5      | Noticed Sigmund
  1147 | D:5      | Killed Sigmund
  1148 | D:5      | Reached XP level 6. HP: 41/41 MP: 6/6
  1173 | D:5      | HP: 1/41 [orc/+0 hand axe (4)]
  1283 | D:5      | Reached XP level 7. HP: 32/45 MP: 7/7
  1321 | D:5      | Found a runed translucent door.
  1322 | D:5      | Noticed Crazy Yiuf
  1422 | D:5      | Found a shimmering altar of Xom.
  1523 | D:5      | Slain by a river rat

Illustrated notes

Levels and vault maps discovered:
D:1:      sevenhm_arrival_forest_fort_large_4, layout_basic,
          hellmonk_ecumenical_altar_inner_sanctum, serial_shops, shop
D:2:      layout_loops_corners, serial_shops, nicolae_shop_overgrown_old_shop,
          uniq_terence, uniq_natasha
D:3:      layout_basic, elyvilon_altar_5
D:4:      layout_cave_pools, tgw_sif, kennysheep_generic_room_3
D:5:      layout_rooms, lemuel_crystal_altar, serial_curves, eino_curves_01,
          eino_curves_02, portal_sewer_entry_e, grunt_decor_mini_mirrors,
          hex_large, minmay_chambers_of_fives, uniq_sigmund,
          uniq_crazy_yiuf_cottage

Skill      XL: |  1  2  3  4  5  6  7 |
---------------+----------------------+-----
Stealth        | 2 3 4 |  4.7
Unarmed Combat | 1 2 3 4 |  4.5
Dodging        | 3 4 |  4.0
Fighting       | 2 3 |  3.1
Evocations     | 4 |  4.7

Action                   |  1- 3 |  4- 6 |  7- 9 || total
-------------------------+-------+-------+-------++-------
Melee: Unarmed           |    55 |    32 |    16 ||   103
       Tentacles         |    12 |     7 |     5 ||    24
       Constrict         |    16 |     5 |     4 ||    25
       Punch             |     1 |     2 |       ||     3
Evoke: Wand              |       |    13 |     3 ||    16
  Use: Potion            |     2 |       |       ||     2
 Stab: Sleeping          |     4 |     2 |     1 ||     7
Armor: Skin              |     1 |     2 |       ||     3
Dodge: Dodged            |    25 |    23 |     7 ||    55
Block: Other             |       |     8 |     1 ||     9

Table legend: (Time is in decaauts)
 A = Elapsed time spent in this place.
 B = Non-inter-level travel time spent in this place.
 C = Inter-level travel time spent in this place.
 D = Time resting spent in this place.
 E = Time spent auto-exploring this place.
 F = Levels seen in this place.
 G = Mean time per level.
                   A        B        C        D        E       F      G
               +--------+--------+--------+--------+--------+-----+--------+
         Total |   1517 |   1454 |     63 |     17 |    708 |   5 |  303.4 |
       Dungeon |   1517 |   1454 |     63 |     17 |    708 |   5 |  303.4 |
               +--------+--------+--------+--------+--------+-----+--------+

Top non-repeatable levels by time:
     D:3: 429 daAuts
     D:5: 423 daAuts
     D:1: 282 daAuts
     D:2: 261 daAuts
     D:4: 120 daAuts
